Islander vs Thunderbirds

Created - October 24, 2024 at 20:35

Goals
1 2 3 T
Islander 0 1 1 2
Thunderbirds 1 1 1 3
Shots
1 2 3 T
Islander 5 10 18 33
Thunderbirds 7 8 14 29

1st period

1. Thunderbirds , Rourke Chartier 1 (Joachim Blichfeld 2) at 8:03

Penalties :
Austin Watson (BRI) for Roughing (Minor) at 8:06, Ben Thomson (BRI) for High sticking (Minor) at 14:01

2nd period

2. Thunderbirds , Emil Bemstrom 3 (Anthony Richard 5) at 6:05
3. Islander , Steven Spinner 1 (Oliver Kylington 5, Rhett Gardner 4) at 10:48

Penalties :
Joachim Blichfeld (Spr) for Tripping (Minor) at 0:35, Michael Rasmussen (Spr) for Goalie Interference (Minor) at 15:56

3rd period

4. Islander , Oliver Kylington 1 (Garret Pilon 2) at 5:08
5. Thunderbirds , Joachim Blichfeld 1 (Matt Roy 2) at 7:54

Penalties :
Austin Watson (BRI) for Tripping (Minor) at 8:15

Goalie Stats

Ivan Fedotov (BRI), 26 saves from 29 shots - (0.897), L, 2-1-0, 59:04 minutes
Emil Larmi (Spr), 31 saves from 33 shots - (0.939), W, 2-1-0, 60:00 minutes

Players Stats for Islander

Player Name              G  A  P  +/- PIM S  H  SB GA TA FO     MP     PP MP  PK MP  
------------------------------------------------------------------------------------
Alexander Yelesin        0  0  0  -1  0   1  1  1  0  0  0/0    19:26   1:40   2:14 
Austin Watson            0  0  0  -2  4   3  1  1  0  0  0/1    19:00   2:02   0:00 
Ben Thomson              0  0  0  -2  2   5  2  1  0  0  0/1    20:51   2:02   2:16 
Connor Dewar             0  0  0   1  0   0  0  1  0  0  1/3     7:20   0:23   0:36 
Filip Zadina             0  0  0   0  0   5  1  0  0  0  0/0    12:55   0:23   1:19 
Garret Pilon             0  1  1   0  0   1  0  1  0  1  3/6    11:13   0:00   0:00 
Jaden Lindo              0  0  0   0  0   2  4  0  0  0  0/2    11:36   0:23   0:00 
Jake Walman              0  0  0  -1  0   1  0  0  0  0  0/0    19:26   1:40   2:14 
Jakub Galvas             0  0  0   0  0   0  0  1  0  0  0/0    12:29   0:00   0:00 
Joe Labate               0  0  0  -2  0   4  2  2  1  1  19/37  22:11   2:02   3:15 
Oliver Kylington         1  1  2   0  0   4  0  1  1  3  0/0    28:05   2:18   3:43 
Pavel Koltygin           0  0  0   1  0   0  1  0  0  0  0/0     6:21   0:00   0:00 
Rhett Gardner            0  1  1   0  0   0  4  0  0  0  3/9    18:26   1:33   1:21 
Ross Colton              0  0  0   0  0   0  1  0  0  1  1/1    18:37   1:33   1:08 
Simon Benoit             0  0  0   0  0   1  0  0  0  0  0/0    12:29   0:00   0:00 
Slater Koekkoek          0  0  0   0  0   1  1  3  1  2  0/0    28:05   2:18   3:43 
Steven Spinner           1  0  1   1  0   2  1  0  0  0  1/1     6:21   0:00   0:00 
Tyrell Goulbourne        0  0  0   0  0   3  2  0  2  0  0/1    19:09   1:33   1:59 

Players Stats for Thunderbirds

Player Name              G  A  P  +/- PIM S  H  SB GA TA FO     MP     PP MP  PK MP  
------------------------------------------------------------------------------------
Anthony Richard          0  1  1   0  0   4  1  1  0  0  14/19  16:03   2:37   1:01 
Artturi Lehkonen         0  0  0   0  0   2  0  0  1  0  0/0     9:46   0:00   0:49 
Dylan Blujus             0  0  0   1  0   1  0  2  0  1  0/0    21:20   0:00   1:38 
Dylan Sikura             0  0  0   0  0   2  0  1  1  0  1/1    14:07   0:00   0:51 
Emil Bemstrom            1  0  1   0  0   3  2  0  1  0  0/0    13:16   2:37   0:00 
Frederic Allard          0  0  0   1  0   1  2  0  0  0  0/0    14:12   0:00   1:38 
Henri Jokiharju          0  0  0  -1  0   2  0  0  0  1  0/0    23:13   2:01   2:20 
Jeremy Lauzon            0  0  0  -1  0   3  1  1  1  0  0/0    27:36   3:56   2:20 
Joachim Blichfeld        1  1  2   1  2   4  0  0  1  0  1/1    20:38   3:20   0:00 
Matt Roy                 0  1  1   1  0   0  1  4  0  0  0/0    18:12   2:01   0:00 
Michael Rasmussen        0  0  0   0  2   1  1  1  0  0  1/1    15:41   3:20   0:00 
Paul Cotter              0  0  0   0  0   0  1  2  1  0  0/0    13:16   2:37   0:00 
Pierre Engvall           0  0  0   1  0   1  1  0  0  2  0/0    20:15   0:00   2:02 
Rasmus Kupari            0  0  0   0  0   0  0  0  1  0  0/0     8:45   0:00   0:00 
Rourke Chartier          1  0  1   1  0   1  1  0  1  0  13/28  20:37   3:20   0:00 
Sami Niku                0  0  0   1  0   2  0  1  0  0  0/0    15:27   3:56   0:00 
Trent Frederic           0  0  0   0  0   2  3  1  0  0  4/12   13:56   0:00   2:18 
Trey Fix-Wolansky        0  0  0   0  0   0  1  0  0  1  0/0     9:40   0:00   0:55 

3 Stars

1 - Rourke Chartier (Spr)
2 - Joachim Blichfeld (Spr)
3 - Oliver Kylington (BRI)

Power Play

Islander - 0 on 2 Attempt(s) - 0.00%
Thunderbirds - 0 on 3 Attempt(s) - 0.00%

Penalty Kill

Islander - 3 on 3 Attempt(s) - 100.00% - Score 0 goal in Penalty Kill
Thunderbirds - 2 on 2 Attempt(s) - 100.00% - Score 0 goal in Penalty Kill

Team Stat

Islander - Hits : 21 - Faceoff Wins : 28 - Blocked Shots : 12 - Penalty Minutes : 6
Thunderbirds - Hits : 15 - Faceoff Wins : 34 - Blocked Shots : 14 - Penalty Minutes : 4

Official

Referees : Ghislain Hebert and Chris Schlenker
Linesman : Devin Berg and Travis Toomey

Game Notes

No Game Note

Finance

Level 1 -- Attendance: 1694 (84.70%) -- Ticket Income $118,580
Level 2 -- Attendance: 891 (89.10%) -- Ticket Income $35,640
Total Attendance: 2585 (86.17%)
Total Ticket Income: $154,220
Other Income: $7,711
Total Income: $161,931

Islander

5 vs 5 Forward 
   Center                   Left Wing                Right Wing               Time % Phy DF OF 
 1 Joe Labate               Ben Thomson              Austin Watson            40     1   2  2  
 2 Rhett Gardner            Tyrell Goulbourne        Ross Colton              30     1   2  2  
 3 Garret Pilon             Filip Zadina             Jaden Lindo              20     1   2  2  
 4 Connor Dewar             Pavel Koltygin           Steven Spinner           10     1   2  2  

5 vs 5 Defense 
   Defense                  Defense                                           Time % Phy DF OF 
 1 Oliver Kylington         Slater Koekkoek                                   40     1   2  2  
 2 Jake Walman              Alexander Yelesin                                 30     1   2  2  
 3 Jakub Galvas             Simon Benoit                                      20     1   2  2  
 4 Oliver Kylington         Slater Koekkoek                                   10     1   2  2  

PowerPlay Forward 
   Center                   Left Wing                Right Wing               Time % Phy DF OF 
 1 Joe Labate               Ben Thomson              Austin Watson            60     1   2  2  
 2 Rhett Gardner            Tyrell Goulbourne        Ross Colton              40     1   2  2  

PowerPlay Defense
   Defense                  Defense                                           Time % Phy DF OF 
 1 Oliver Kylington         Slater Koekkoek                                   60     1   2  2  
 2 Jake Walman              Alexander Yelesin                                 40     1   2  2  

Penalty Kill 4 Players Forward 
   Center                   Wing                     Time % Phy DF OF 
 1 Joe Labate               Ben Thomson              60     1   2  2  
 2 Rhett Gardner            Tyrell Goulbourne        40     1   2  2  

Penalty Kill 4 Players Defense
   Defense                  Defense                  Time % Phy DF OF 
 1 Oliver Kylington         Slater Koekkoek          60     1   2  2  
 2 Jake Walman              Alexander Yelesin        40     1   2  2  

Penalty Kill - 3 Players Forward 
   Forward                                           Time % Phy DF OF 
 1 Joe Labate                                        60     1   2  2  
 2 Rhett Gardner                                     40     1   2  2  

Penalty Kill - 3 Players Defense
   Defense                  Defense                  Time % Phy DF OF 
 1 Oliver Kylington         Slater Koekkoek          60     1   2  2  
 2 Jake Walman              Alexander Yelesin        40     1   2  2  

4 vs 4 Forward 
   Center                   Wing                     Time % Phy DF OF 
 1 Joe Labate               Ben Thomson              60     1   2  2  
 2 Rhett Gardner            Tyrell Goulbourne        40     1   2  2  

4 vs 4 Defense
   Defense                  Defense                  Time % Phy DF OF 
 1 Oliver Kylington         Slater Koekkoek          60     1   2  2  
 2 Jake Walman              Alexander Yelesin        40     1   2  2  

Last Minutes Offensive
   Center                   Left Wing                Right Wing               Defense                  Defense                  
   Joe Labate               Ben Thomson              Austin Watson            Oliver Kylington         Slater Koekkoek          

Last Minutes Defensive
   Center                   Left Wing                Right Wing               Defense                  Defense                  
   Joe Labate               Ben Thomson              Austin Watson            Oliver Kylington         Slater Koekkoek          

Goaltenders
Starting : Ivan Fedotov             
Backup : Chris Driedger           

Extra Forwards
Normal : Ross Colton, Tyrell Goulbourne, Garret Pilon - PP : Ross Colton, Tyrell Goulbourne - PK : Ross Colton
Extra Defensemen
Normal : Alexander Yelesin, Jakub Galvas, Simon Benoit - PP : Alexander Yelesin - PK : Alexander Yelesin, Jakub Galvas
Penalty Shots
Austin Watson, Joe Labate, Ben Thomson, Rhett Gardner, Ross Colton
Custom OT Lines Forwards
Austin Watson, Joe Labate, Ben Thomson, Rhett Gardner, Ross Colton, Tyrell Goulbourne, Garret Pilon, Filip Zadina, Connor Dewar, Jaden Lindo
Custom OT Lines Defensemen
Oliver Kylington, Slater Koekkoek, Jake Walman, Alexander Yelesin, Jakub Galvas

Scratches
Alex Steeves (Healthy), Philip Tomasino (Healthy), Pavel Kraskovsky (Healthy), Radovan Bondra (Healthy), Noah Cates (Healthy)
Casey Staum (Healthy), Cole Koepke (Sprained Left Knee Injury), Marcus Davidsson (Healthy), Jackson LaCombe (Healthy), Ronnie Attard (Healthy)
Frederik Dichow (Healthy)

Thunderbirds

5 vs 5 Forward 
   Center                   Left Wing                Right Wing               Time % Phy DF OF 
 1 Rourke Chartier          Pierre Engvall           Joachim Blichfeld        40     1   2  2  
 2 Anthony Richard          Michael Rasmussen        Dylan Sikura             30     1   2  2  
 3 Trent Frederic           Paul Cotter              Emil Bemstrom            20     1   2  2  
 4 Rasmus Kupari            Artturi Lehkonen         Trey Fix-Wolansky        10     1   2  2  

5 vs 5 Defense 
   Defense                  Defense                                           Time % Phy DF OF 
 1 Jeremy Lauzon            Henri Jokiharju                                   40     1   2  2  
 2 Dylan Blujus             Matt Roy                                          30     1   2  2  
 3 Frederic Allard          Sami Niku                                         20     1   2  2  
 4 Jeremy Lauzon            Dylan Blujus                                      10     1   2  2  

PowerPlay Forward 
   Center                   Left Wing                Right Wing               Time % Phy DF OF 
 1 Rourke Chartier          Michael Rasmussen        Joachim Blichfeld        60     1   2  2  
 2 Anthony Richard          Paul Cotter              Emil Bemstrom            40     1   2  2  

PowerPlay Defense
   Defense                  Defense                                           Time % Phy DF OF 
 1 Sami Niku                Jeremy Lauzon                                     60     1   2  2  
 2 Matt Roy                 Henri Jokiharju                                   40     1   2  2  

Penalty Kill 4 Players Forward 
   Center                   Wing                     Time % Phy DF OF 
 1 Trent Frederic           Pierre Engvall           60     1   2  2  
 2 Anthony Richard          Dylan Sikura             40     1   2  2  

Penalty Kill 4 Players Defense
   Defense                  Defense                  Time % Phy DF OF 
 1 Henri Jokiharju          Jeremy Lauzon            60     1   2  2  
 2 Dylan Blujus             Frederic Allard          40     1   2  2  

Penalty Kill - 3 Players Forward 
   Forward                                           Time % Phy DF OF 
 1 Trent Frederic                                    60     1   2  2  
 2 Anthony Richard                                   40     1   2  2  

Penalty Kill - 3 Players Defense
   Defense                  Defense                  Time % Phy DF OF 
 1 Dylan Blujus             Henri Jokiharju          60     1   2  2  
 2 Jeremy Lauzon            Frederic Allard          40     1   2  2  

4 vs 4 Forward 
   Center                   Wing                     Time % Phy DF OF 
 1 Rourke Chartier          Michael Rasmussen        60     1   2  2  
 2 Anthony Richard          Artturi Lehkonen         40     1   2  2  

4 vs 4 Defense
   Defense                  Defense                  Time % Phy DF OF 
 1 Henri Jokiharju          Dylan Blujus             60     1   2  2  
 2 Matt Roy                 Jeremy Lauzon            40     1   2  2  

Last Minutes Offensive
   Center                   Left Wing                Right Wing               Defense                  Defense                  
   Rourke Chartier          Michael Rasmussen        Joachim Blichfeld        Jeremy Lauzon            Sami Niku                

Last Minutes Defensive
   Center                   Left Wing                Right Wing               Defense                  Defense                  
   Trent Frederic           Pierre Engvall           Dylan Sikura             Henri Jokiharju          Frederic Allard          

Goaltenders
Starting : Emil Larmi               
Backup : Magnus Hellberg          

Extra Forwards
Normal : Rasmus Kupari, Dylan Sikura, Trey Fix-Wolansky - PP : Trent Frederic, Artturi Lehkonen - PK : Trey Fix-Wolansky
Extra Defensemen
Normal : Frederic Allard, Sami Niku, Jeremy Lauzon - PP : Sami Niku - PK : Frederic Allard, Dylan Blujus
Penalty Shots
Rourke Chartier, Anthony Richard, Joachim Blichfeld, Trey Fix-Wolansky, Rasmus Kupari
Custom OT Lines Forwards
Rourke Chartier, Pierre Engvall, Dylan Sikura, Joachim Blichfeld, Anthony Richard, Trent Frederic, Artturi Lehkonen, Michael Rasmussen, Emil Bemstrom, Paul Cotter
Custom OT Lines Defensemen
Jeremy Lauzon, Henri Jokiharju, Dylan Blujus, Frederic Allard, Matt Roy

Scratches
Nathan Smith (Healthy), Calen Addison (Healthy), Alex Vlasic (Healthy), Rafael Harvey-Pinard (Healthy), Nicholas Robertson (Healthy)
Arturs Silovs (Healthy)

% Time on Ice - Islander

Lines # - Real PCT - Wanted PCT - Time Play
Normal Forward
1 - 33% - 40% - 15:57
2 - 32% - 30% - 15:32
3 - 23% - 20% - 11:13
4 - 13% - 10% - 6:21
Normal Defense
1 - 40% - 40% - 19:33
2 - 32% - 30% - 15:32
3 - 25% - 20% - 12:29
4 - 3% - 10% - 1:29
PP Forward
1 - 61% - 60% - 2:25
2 - 39% - 40% - 1:33
PP Defense
1 - 58% - 60% - 2:18
2 - 42% - 40% - 1:40
PK Forward
1 - 77% - 60% - 4:36
2 - 23% - 40% - 1:21
PK Defense
1 - 62% - 60% - 3:43
2 - 38% - 40% - 2:14
PK3 Forward
1 - 0% - 60%
2 - 0% - 40%
PK3 Defense
1 - 0% - 60%
2 - 0% - 40%
44 Forward
1 - 0% - 60%
2 - 0% - 40%
44 Defense
1 - 0% - 60%
2 - 0% - 40%
Last Minute Offensive  - 1:02
Last Minute Defensive  - 0:00
Total
Forward - 60:00
Defense - 60:00

% Time on Ice - Thunderbirds

Lines # - Real PCT - Wanted PCT - Time Play
Normal Forward
1 - 35% - 40% - 17:25
2 - 25% - 30% - 12:19
3 - 22% - 20% - 10:35
4 - 18% - 10% - 8:45
Normal Defense
1 - 37% - 40% - 18:15
2 - 32% - 30% - 15:41
3 - 22% - 20% - 10:44
4 - 9% - 10% - 4:24
PP Forward
1 - 56% - 60% - 3:20
2 - 44% - 40% - 2:37
PP Defense
1 - 66% - 60% - 3:56
2 - 34% - 40% - 2:01
PK Forward
1 - 79% - 60% - 3:07
2 - 21% - 40% - 0:51
PK Defense
1 - 59% - 60% - 2:20
2 - 41% - 40% - 1:38
PK3 Forward
1 - 0% - 60%
2 - 0% - 40%
PK3 Defense
1 - 0% - 60%
2 - 0% - 40%
44 Forward
1 - 0% - 60%
2 - 0% - 40%
44 Defense
1 - 0% - 60%
2 - 0% - 40%
Last Minute Offensive  - 0:00
Last Minute Defensive  - 1:01
Total
Forward - 60:00
Defense - 60:00

Play-by-Play

1st period


0:01 of 1st period - Joe Labate wins face-off versus Rourke Chartier in neutral zone.
0:52 of 1st period - Snap shot by Trey Fix-Wolansky.
0:52 of 1st period - Shot Blocked by Slater Koekkoek.
0:58 of 1st period - Snap shot by Rhett Gardner.
0:58 of 1st period - Shot Misses the Net.
1:57 of 1st period - Slapshot by Matt Roy.
1:57 of 1st period - Shot Blocked by Oliver Kylington.
2:08 of 1st period - Slapshot by Oliver Kylington.
2:08 of 1st period - Shot Blocked by Matt Roy.
2:26 of 1st period - Wrist shot by Tyrell Goulbourne.
2:26 of 1st period - Deflect By Rhett Gardner.
2:26 of 1st period - Shot Misses the Net.
2:26 of 1st period - Puck is out of play.
2:27 of 1st period - Joe Labate wins face-off versus Rourke Chartier in Thunderbirds zone.
2:28 of 1st period - Wrist shot by Ben Thomson.
2:28 of 1st period - Shot Misses the Net.
3:00 of 1st period - Snap shot by Dylan Sikura.
3:00 of 1st period - Shot Misses the Net.
3:26 of 1st period - Snap shot by Emil Bemstrom.
3:26 of 1st period - Shot Misses the Net.
3:55 of 1st period - Alexander Yelesin is hit by Pierre Engvall and loses puck.
4:26 of 1st period - Icing by Filip Zadina.
4:27 of 1st period - Anthony Richard wins face-off versus Garret Pilon in Islander zone.
4:42 of 1st period - Snap shot by Joachim Blichfeld.
4:42 of 1st period - Shot Misses the Net.
4:58 of 1st period - Wrist shot by Ben Thomson.
4:58 of 1st period - Stopped by Emil Larmi without a rebound.
4:59 of 1st period - Anthony Richard wins face-off versus Joe Labate in Thunderbirds zone.
5:17 of 1st period - Dylan Sikura is hit by Austin Watson and loses puck.
5:38 of 1st period - Snap shot by Austin Watson.
5:38 of 1st period - Stopped by Emil Larmi without a rebound.
5:39 of 1st period - Rourke Chartier wins face-off versus Garret Pilon in Thunderbirds zone.
6:16 of 1st period - Oliver Kylington is hit by Paul Cotter and loses puck.
7:17 of 1st period - Joachim Blichfeld is hit by Jaden Lindo and loses puck.
7:37 of 1st period - Wrist shot by Connor Dewar.
7:37 of 1st period - Shot Blocked by Trent Frederic.
7:49 of 1st period - Slapshot by Artturi Lehkonen.
7:49 of 1st period - Stopped by Ivan Fedotov with a rebound.
7:51 of 1st period - Snap shot by Frederic Allard.
7:51 of 1st period - Shot Blocked by Alexander Yelesin.
7:53 of 1st period - Slapshot by Sami Niku.
7:53 of 1st period - Stopped by Ivan Fedotov with a rebound.
7:55 of 1st period - Snap shot by Sami Niku.
7:55 of 1st period - Stopped by Ivan Fedotov with a rebound.
7:57 of 1st period - Snap shot by Artturi Lehkonen.
7:57 of 1st period - Stopped by Ivan Fedotov without a rebound.
7:58 of 1st period - Rourke Chartier wins face-off versus Ben Thomson in Islander zone.
8:03 of 1st period - Snap shot by Rourke Chartier.
8:03 of 1st period - Goal by Rourke Chartier - Islander : 0 - Thunderbirds : 1.
8:04 of 1st period - Joe Labate wins face-off versus Rourke Chartier in neutral zone.
8:06 of 1st period - Minor Penalty to Austin Watson for Roughing.
8:07 of 1st period - Rourke Chartier wins face-off versus Joe Labate in Islander zone.
9:07 of 1st period - Snap shot by Joachim Blichfeld.
9:07 of 1st period - Shot Misses the Net.
9:09 of 1st period - Slapshot by Jeremy Lauzon.
9:09 of 1st period - Deflect By Michael Rasmussen.
9:09 of 1st period - Shot Misses the Net.
9:09 of 1st period - Puck is out of play.
9:10 of 1st period - Anthony Richard wins face-off versus Joe Labate in Islander zone.
9:11 of 1st period - Slapshot by Emil Bemstrom.
9:11 of 1st period - Stopped by Ivan Fedotov without a rebound.
9:12 of 1st period - Joe Labate wins face-off versus Anthony Richard in Islander zone.
9:47 of 1st period - Joachim Blichfeld is hit by Ben Thomson and loses puck.
10:06 of 1st period - Penalty to Austin Watson is over, Austin Watson is back on ice.
11:30 of 1st period - Tyrell Goulbourne is hit by Frederic Allard and loses puck.
11:49 of 1st period - Wrist shot by Filip Zadina.
11:49 of 1st period - Stopped by Emil Larmi without a rebound.
11:50 of 1st period - Rourke Chartier wins face-off versus Connor Dewar in Thunderbirds zone.
11:55 of 1st period - Wrist shot by Joachim Blichfeld.
11:55 of 1st period - Shot Misses the Net.
12:54 of 1st period - Slapshot by Connor Dewar.
12:54 of 1st period - Deflect By Steven Spinner.
12:54 of 1st period - Stopped by Emil Larmi without a rebound.
12:55 of 1st period - Rhett Gardner wins face-off versus Rourke Chartier in Thunderbirds zone.
13:00 of 1st period - Snap shot by Tyrell Goulbourne.
13:00 of 1st period - Shot Misses the Net.
13:02 of 1st period - Snap shot by Ross Colton.
13:02 of 1st period - Deflect By Rhett Gardner.
13:02 of 1st period - Shot Misses the Net.
13:02 of 1st period - Puck is out of play.
13:03 of 1st period - Rourke Chartier wins face-off versus Rhett Gardner in Thunderbirds zone.
13:31 of 1st period - Jeremy Lauzon is hit by Rhett Gardner and loses puck.
13:52 of 1st period - Wrist shot by Rourke Chartier.
13:52 of 1st period - Deflect By Pierre Engvall.
13:52 of 1st period - Shot Misses the Net.
13:52 of 1st period - Puck is out of play.
13:53 of 1st period - Michael Rasmussen wins face-off versus Joe Labate in Islander zone.
14:01 of 1st period - Minor Penalty to Ben Thomson for High sticking.
14:02 of 1st period - Joe Labate wins face-off versus Anthony Richard in Islander zone.
16:01 of 1st period - Penalty to Ben Thomson is over, Ben Thomson is back on ice.
16:20 of 1st period - Wrist shot by Rasmus Kupari.
16:20 of 1st period - Shot Blocked by Slater Koekkoek.
17:07 of 1st period - Emil Bemstrom is hit by Joe Labate.
17:38 of 1st period - Icing by Simon Benoit.
17:39 of 1st period - Anthony Richard wins face-off versus Joe Labate in Islander zone.
18:24 of 1st period - Snap shot by Filip Zadina.
18:24 of 1st period - Stopped by Emil Larmi with a rebound.
18:52 of 1st period - Snap shot by Austin Watson.
18:52 of 1st period - Shot Blocked by Matt Roy.
18:57 of 1st period - Off-side.
18:58 of 1st period - Steven Spinner wins face-off versus Rourke Chartier in neutral zone.
19:12 of 1st period - Off-side.
19:13 of 1st period - Anthony Richard wins face-off versus Joe Labate in neutral zone.
19:24 of 1st period - Snap shot by Anthony Richard.
19:24 of 1st period - Deflect By Michael Rasmussen.
19:24 of 1st period - Stopped by Ivan Fedotov with a rebound.
19:43 of 1st period - Rourke Chartier is hit by Slater Koekkoek and loses puck.
Goals for this period are 0 for Islander vs 1 for Thunderbirds.
Shots for this period are 5 for Islander vs 7 for Thunderbirds.

2nd period


0:01 of 2nd period - Rourke Chartier wins face-off versus Austin Watson in neutral zone.
0:10 of 2nd period - Slapshot by Jeremy Lauzon.
0:10 of 2nd period - Deflect By Oliver Kylington.
0:10 of 2nd period - Stopped by Ivan Fedotov without a rebound.
0:11 of 2nd period - Rourke Chartier wins face-off versus Joe Labate in Islander zone.
0:14 of 2nd period - Wrist shot by Joachim Blichfeld.
0:14 of 2nd period - Stopped by Ivan Fedotov with a rebound.
0:16 of 2nd period - Wrist shot by Joachim Blichfeld.
0:16 of 2nd period - Stopped by Ivan Fedotov without a rebound.
0:17 of 2nd period - Rourke Chartier wins face-off versus Joe Labate in Islander zone.
0:35 of 2nd period - Minor Penalty to Joachim Blichfeld for Tripping.
0:36 of 2nd period - Joe Labate wins face-off versus Trent Frederic in Thunderbirds zone.
1:07 of 2nd period - Snap shot by Tyrell Goulbourne.
1:07 of 2nd period - Stopped by Emil Larmi with a rebound.
1:09 of 2nd period - Snap shot by Alexander Yelesin.
1:09 of 2nd period - Stopped by Emil Larmi without a rebound.
1:10 of 2nd period - Trent Frederic wins face-off versus Rhett Gardner in Thunderbirds zone.
1:10 of 2nd period - Trent Frederic is hit by Rhett Gardner.
1:53 of 2nd period - Ross Colton is hit by Trent Frederic and loses puck.
2:35 of 2nd period - Penalty to Joachim Blichfeld is over, Joachim Blichfeld is back on ice.
2:49 of 2nd period - Filip Zadina is hit by Michael Rasmussen and loses puck.
3:22 of 2nd period - Off-side.
3:23 of 2nd period - Dylan Sikura wins face-off versus Joe Labate in neutral zone.
3:49 of 2nd period - Frederic Allard is hit by Alexander Yelesin and loses puck.
4:15 of 2nd period - Snap shot by Trey Fix-Wolansky.
4:15 of 2nd period - Deflect By Artturi Lehkonen.
4:15 of 2nd period - Shot Misses the Net.
4:15 of 2nd period - Puck is out of play.
4:16 of 2nd period - Joe Labate wins face-off versus Rourke Chartier in Islander zone.
4:31 of 2nd period - Snap shot by Ben Thomson.
4:31 of 2nd period - Shot Misses the Net.
5:27 of 2nd period - Snap shot by Filip Zadina.
5:27 of 2nd period - Shot Misses the Net.
5:29 of 2nd period - Slapshot by Oliver Kylington.
5:29 of 2nd period - Stopped by Emil Larmi with a rebound.
5:31 of 2nd period - Slapshot by Jaden Lindo.
5:31 of 2nd period - Shot Misses the Net.
5:33 of 2nd period - Snap shot by Jaden Lindo.
5:33 of 2nd period - Deflect By Matt Roy.
5:33 of 2nd period - Shot Misses the Net.
5:33 of 2nd period - Puck is out of play.
5:34 of 2nd period - Joe Labate wins face-off versus Rourke Chartier in Thunderbirds zone.
5:37 of 2nd period - Snap shot by Joe Labate.
5:37 of 2nd period - Deflect By Frederic Allard.
5:37 of 2nd period - Shot Misses the Net.
5:37 of 2nd period - Puck is out of play.
5:38 of 2nd period - Joachim Blichfeld wins face-off versus Joe Labate in Thunderbirds zone.
6:05 of 2nd period - Wrist shot by Emil Bemstrom.
6:05 of 2nd period - Goal by Emil Bemstrom - Islander : 0 - Thunderbirds : 2.
6:06 of 2nd period - Joe Labate wins face-off versus Rourke Chartier in neutral zone.
6:31 of 2nd period - Henri Jokiharju is hit by Ross Colton.
7:36 of 2nd period - Snap shot by Austin Watson.
7:36 of 2nd period - Deflect By Joe Labate.
7:36 of 2nd period - Shot Blocked by Dylan Blujus.
7:36 of 2nd period - Puck is out of play.
7:37 of 2nd period - Joe Labate wins face-off versus Anthony Richard in Thunderbirds zone.
8:13 of 2nd period - Slapshot by Joachim Blichfeld.
8:13 of 2nd period - Stopped by Ivan Fedotov with a rebound.
8:29 of 2nd period - Jaden Lindo is hit by Emil Bemstrom and loses puck.
9:21 of 2nd period - Slapshot by Garret Pilon.
9:21 of 2nd period - Shot Misses the Net.
9:29 of 2nd period - Snap shot by Filip Zadina.
9:29 of 2nd period - Stopped by Emil Larmi without a rebound.
9:30 of 2nd period - Rourke Chartier wins face-off versus Joe Labate in Thunderbirds zone.
10:46 of 2nd period - Wrist shot by Oliver Kylington.
10:46 of 2nd period - Shot Misses the Net.
10:48 of 2nd period - Snap shot by Steven Spinner.
10:48 of 2nd period - Goal by Steven Spinner - Islander : 1 - Thunderbirds : 2.
10:49 of 2nd period - Rourke Chartier wins face-off versus Rhett Gardner in neutral zone.
10:58 of 2nd period - Snap shot by Jeremy Lauzon.
10:58 of 2nd period - Stopped by Ivan Fedotov without a rebound.
10:59 of 2nd period - Rhett Gardner wins face-off versus Rourke Chartier in Islander zone.
11:42 of 2nd period - Jeremy Lauzon is hit by Tyrell Goulbourne and loses puck.
12:16 of 2nd period - Snap shot by Pierre Engvall.
12:16 of 2nd period - Shot Blocked by Jakub Galvas.
13:20 of 2nd period - Rourke Chartier is hit by Rhett Gardner and loses puck.
13:39 of 2nd period - Wrist shot by Joachim Blichfeld.
13:39 of 2nd period - Shot Misses the Net.
13:41 of 2nd period - Slapshot by Dylan Blujus.
13:41 of 2nd period - Deflect By Rourke Chartier.
13:41 of 2nd period - Shot Misses the Net.
13:41 of 2nd period - Puck is out of play.
13:42 of 2nd period - Anthony Richard wins face-off versus Joe Labate in Islander zone.
13:45 of 2nd period - Wrist shot by Dylan Sikura.
13:45 of 2nd period - Shot Misses the Net.
13:57 of 2nd period - Wrist shot by Ben Thomson.
13:57 of 2nd period - Stopped by Emil Larmi with a rebound.
15:02 of 2nd period - Snap shot by Filip Zadina.
15:02 of 2nd period - Stopped by Emil Larmi without a rebound.
15:03 of 2nd period - Trent Frederic wins face-off versus Jaden Lindo in Thunderbirds zone.
15:14 of 2nd period - Slapshot by Slater Koekkoek.
15:14 of 2nd period - Shot Misses the Net.
15:33 of 2nd period - Wrist shot by Filip Zadina.
15:33 of 2nd period - Shot Blocked by Matt Roy.
15:35 of 2nd period - Slapshot by Oliver Kylington.
15:35 of 2nd period - Stopped by Emil Larmi with a rebound.
15:37 of 2nd period - Snap shot by Jaden Lindo.
15:37 of 2nd period - Stopped by Emil Larmi without a rebound.
15:38 of 2nd period - Joe Labate wins face-off versus Trent Frederic in Thunderbirds zone.
15:45 of 2nd period - Wrist shot by Joe Labate.
15:45 of 2nd period - Shot Blocked by Sami Niku.
15:47 of 2nd period - Slapshot by Austin Watson.
15:47 of 2nd period - Shot Blocked by Paul Cotter.
15:49 of 2nd period - Wrist shot by Austin Watson.
15:49 of 2nd period - Shot Misses the Net.
15:51 of 2nd period - Slapshot by Jake Walman.
15:51 of 2nd period - Shot Misses the Net.
15:53 of 2nd period - Wrist shot by Ben Thomson.
15:53 of 2nd period - Stopped by Emil Larmi without a rebound.
15:54 of 2nd period - Anthony Richard wins face-off versus Joe Labate in Thunderbirds zone.
15:56 of 2nd period - Minor Penalty to Michael Rasmussen for Goalie Interference.
15:57 of 2nd period - Joe Labate wins face-off versus Trent Frederic in Thunderbirds zone.
16:44 of 2nd period - Alexander Yelesin is hit by Anthony Richard and loses puck.
17:07 of 2nd period - Tyrell Goulbourne is hit by Trey Fix-Wolansky and loses puck.
17:20 of 2nd period - Trent Frederic is hit by Jaden Lindo and loses puck.
17:56 of 2nd period - Penalty to Michael Rasmussen is over, Michael Rasmussen is back on ice.
18:01 of 2nd period - Icing by Jake Walman.
18:02 of 2nd period - Anthony Richard wins face-off versus Connor Dewar in Islander zone.
18:03 of 2nd period - Snap shot by Dylan Sikura.
18:03 of 2nd period - Deflect By Anthony Richard.
18:03 of 2nd period - Stopped by Ivan Fedotov with a rebound.
18:05 of 2nd period - Snap shot by Dylan Sikura.
18:05 of 2nd period - Stopped by Ivan Fedotov without a rebound.
18:06 of 2nd period - Connor Dewar wins face-off versus Anthony Richard in Islander zone.
19:29 of 2nd period - Trey Fix-Wolansky is hit by Filip Zadina and loses puck.
19:40 of 2nd period - Wrist shot by Ben Thomson.
19:40 of 2nd period - Shot Blocked by Jeremy Lauzon.
19:52 of 2nd period - Snap shot by Rasmus Kupari.
19:52 of 2nd period - Shot Blocked by Joe Labate.
19:54 of 2nd period - Slapshot by Henri Jokiharju.
19:54 of 2nd period - Deflect By Trey Fix-Wolansky.
19:54 of 2nd period - Shot Blocked by Slater Koekkoek.
19:54 of 2nd period - Puck is out of play.
19:55 of 2nd period - Anthony Richard wins face-off versus Rhett Gardner in Islander zone.
Goals for this period are 1 for Islander vs 1 for Thunderbirds.
Shots for this period are 10 for Islander vs 8 for Thunderbirds.

3rd period


0:01 of 3rd period - Joe Labate wins face-off versus Rourke Chartier in neutral zone.
0:08 of 3rd period - Henri Jokiharju is hit by Ben Thomson and loses puck.
0:30 of 3rd period - Slapshot by Rhett Gardner.
0:30 of 3rd period - Shot Misses the Net.
0:32 of 3rd period - Slapshot by Jake Walman.
0:32 of 3rd period - Stopped by Emil Larmi with a rebound.
0:34 of 3rd period - Snap shot by Tyrell Goulbourne.
0:34 of 3rd period - Shot Blocked by Dylan Sikura.
0:46 of 3rd period - Snap shot by Filip Zadina.
0:46 of 3rd period - Shot Blocked by Paul Cotter.
1:24 of 3rd period - Matt Roy is hit by Pavel Koltygin and loses puck.
1:35 of 3rd period - Steven Spinner is hit by Rourke Chartier and loses puck.
1:46 of 3rd period - Anthony Richard is hit by Tyrell Goulbourne and loses puck.
1:57 of 3rd period - Slapshot by Rhett Gardner.
1:57 of 3rd period - Shot Misses the Net.
2:27 of 3rd period - Paul Cotter is hit by Jaden Lindo and loses puck.
2:46 of 3rd period - Frederic Allard is hit by Steven Spinner and loses puck.
2:56 of 3rd period - Off-side.
2:57 of 3rd period - Anthony Richard wins face-off versus Rhett Gardner in neutral zone.
3:23 of 3rd period - Icing by Simon Benoit.
3:24 of 3rd period - Rourke Chartier wins face-off versus Joe Labate in Islander zone.
3:38 of 3rd period - Snap shot by Joe Labate.
3:38 of 3rd period - Stopped by Emil Larmi without a rebound.
3:39 of 3rd period - Anthony Richard wins face-off versus Joe Labate in Thunderbirds zone.
4:06 of 3rd period - Snap shot by Rourke Chartier.
4:06 of 3rd period - Shot Misses the Net.
4:12 of 3rd period - Snap shot by Tyrell Goulbourne.
4:12 of 3rd period - Shot Misses the Net.
4:14 of 3rd period - Wrist shot by Rhett Gardner.
4:14 of 3rd period - Deflect By Tyrell Goulbourne.
4:14 of 3rd period - Shot Blocked by Dylan Blujus.
4:14 of 3rd period - Puck is out of play.
4:15 of 3rd period - Anthony Richard wins face-off versus Joe Labate in Thunderbirds zone.
4:24 of 3rd period - Jake Walman is hit by Jeremy Lauzon and loses puck.
5:00 of 3rd period - Slapshot by Filip Zadina.
5:00 of 3rd period - Deflect By Jaden Lindo.
5:00 of 3rd period - Stopped by Emil Larmi without a rebound.
5:01 of 3rd period - Garret Pilon wins face-off versus Trent Frederic in Thunderbirds zone.
5:08 of 3rd period - Slapshot by Oliver Kylington.
5:08 of 3rd period - Goal by Oliver Kylington - Islander : 2 - Thunderbirds : 2.
5:09 of 3rd period - Joe Labate wins face-off versus Rourke Chartier in neutral zone.
5:16 of 3rd period - Snap shot by Austin Watson.
5:16 of 3rd period - Stopped by Emil Larmi with a rebound.
5:52 of 3rd period - Snap shot by Trent Frederic.
5:52 of 3rd period - Stopped by Ivan Fedotov without a rebound.
5:53 of 3rd period - Anthony Richard wins face-off versus Garret Pilon in Islander zone.
5:54 of 3rd period - Snap shot by Dylan Sikura.
5:54 of 3rd period - Stopped by Ivan Fedotov with a rebound.
5:56 of 3rd period - Slapshot by Jeremy Lauzon.
5:56 of 3rd period - Deflect By Filip Zadina.
5:56 of 3rd period - Stopped by Ivan Fedotov with a rebound.
5:58 of 3rd period - Slapshot by Henri Jokiharju.
5:58 of 3rd period - Stopped by Ivan Fedotov without a rebound.
5:59 of 3rd period - Anthony Richard wins face-off versus Joe Labate in Islander zone.
6:12 of 3rd period - Snap shot by Dylan Sikura.
6:12 of 3rd period - Shot Misses the Net.
6:14 of 3rd period - Wrist shot by Dylan Sikura.
6:14 of 3rd period - Shot Blocked by Joe Labate.
6:16 of 3rd period - Wrist shot by Anthony Richard.
6:16 of 3rd period - Shot Misses the Net.
6:18 of 3rd period - Slapshot by Anthony Richard.
6:18 of 3rd period - Stopped by Ivan Fedotov with a rebound.
6:20 of 3rd period - Slapshot by Jeremy Lauzon.
6:20 of 3rd period - Shot Blocked by Austin Watson.
6:22 of 3rd period - Snap shot by Michael Rasmussen.
6:22 of 3rd period - Deflect By Dylan Sikura.
6:22 of 3rd period - Shot Hit the Post.
6:22 of 3rd period - Puck is out of play.
6:23 of 3rd period - Ross Colton wins face-off versus Rourke Chartier in Islander zone.
6:34 of 3rd period - Wrist shot by Tyrell Goulbourne.
6:34 of 3rd period - Shot Misses the Net.
6:36 of 3rd period - Snap shot by Tyrell Goulbourne.
6:36 of 3rd period - Stopped by Emil Larmi with a rebound.
6:38 of 3rd period - Snap shot by Tyrell Goulbourne.
6:38 of 3rd period - Stopped by Emil Larmi with a rebound.
6:48 of 3rd period - Garret Pilon is hit by Trent Frederic.
6:52 of 3rd period - Backhand shot by Emil Bemstrom.
6:52 of 3rd period - Stopped by Ivan Fedotov without a rebound.
6:53 of 3rd period - Joe Labate wins face-off versus Trent Frederic in Islander zone.
7:16 of 3rd period - Wrist shot by Emil Bemstrom.
7:16 of 3rd period - Shot Misses the Net.
7:22 of 3rd period - Wrist shot by Trent Frederic.
7:22 of 3rd period - Shot Blocked by Ben Thomson.
7:24 of 3rd period - Snap shot by Henri Jokiharju.
7:24 of 3rd period - Stopped by Ivan Fedotov with a rebound.
7:26 of 3rd period - Slapshot by Trent Frederic.
7:26 of 3rd period - Shot Misses the Net.
7:28 of 3rd period - Snap shot by Trent Frederic.
7:28 of 3rd period - Stopped by Ivan Fedotov without a rebound.
7:29 of 3rd period - Rhett Gardner wins face-off versus Rourke Chartier in Islander zone.
7:38 of 3rd period - Wrist shot by Joachim Blichfeld.
7:38 of 3rd period - Shot Misses the Net.
7:40 of 3rd period - Wrist shot by Pierre Engvall.
7:40 of 3rd period - Stopped by Ivan Fedotov with a rebound.
7:42 of 3rd period - Slapshot by Dylan Blujus.
7:42 of 3rd period - Stopped by Ivan Fedotov without a rebound.
7:43 of 3rd period - Garret Pilon wins face-off versus Rourke Chartier in Islander zone.
7:52 of 3rd period - Snap shot by Joachim Blichfeld.
7:52 of 3rd period - Shot Blocked by Garret Pilon.
7:54 of 3rd period - Wrist shot by Joachim Blichfeld.
7:54 of 3rd period - Goal by Joachim Blichfeld - Islander : 2 - Thunderbirds : 3.
7:55 of 3rd period - Rourke Chartier wins face-off versus Joe Labate in neutral zone.
8:15 of 3rd period - Minor Penalty to Austin Watson for Tripping.
8:16 of 3rd period - Joe Labate wins face-off versus Rourke Chartier in Islander zone.
8:53 of 3rd period - Snap shot by Anthony Richard.
8:53 of 3rd period - Stopped by Ivan Fedotov with a rebound.
10:15 of 3rd period - Penalty to Austin Watson is over, Austin Watson is back on ice.
10:34 of 3rd period - Snap shot by Connor Dewar.
10:34 of 3rd period - Shot Misses the Net.
10:58 of 3rd period - Snap shot by Filip Zadina.
10:58 of 3rd period - Stopped by Emil Larmi with a rebound.
11:00 of 3rd period - Slapshot by Simon Benoit.
11:00 of 3rd period - Stopped by Emil Larmi with a rebound.
11:24 of 3rd period - Rasmus Kupari is hit by Rhett Gardner.
11:40 of 3rd period - Wrist shot by Garret Pilon.
11:40 of 3rd period - Stopped by Emil Larmi without a rebound.
11:41 of 3rd period - Trent Frederic wins face-off versus Jaden Lindo in Thunderbirds zone.
11:46 of 3rd period - Slapshot by Frederic Allard.
11:46 of 3rd period - Stopped by Ivan Fedotov with a rebound.
12:01 of 3rd period - Ben Thomson is hit by Frederic Allard and loses puck.
12:21 of 3rd period - Icing by Slater Koekkoek.
12:22 of 3rd period - Rourke Chartier wins face-off versus Rhett Gardner in Islander zone.
13:57 of 3rd period - Slapshot by Pierre Engvall.
13:57 of 3rd period - Shot Blocked by Connor Dewar.
14:54 of 3rd period - Slapshot by Slater Koekkoek.
14:54 of 3rd period - Shot Misses the Net.
15:09 of 3rd period - Oliver Kylington is hit by Matt Roy and loses puck.
15:34 of 3rd period - Trey Fix-Wolansky is hit by Jaden Lindo and loses puck.
16:43 of 3rd period - Slapshot by Tyrell Goulbourne.
16:43 of 3rd period - Shot Misses the Net.
17:06 of 3rd period - Off-side.
17:07 of 3rd period - Trent Frederic wins face-off versus Tyrell Goulbourne in neutral zone.
17:12 of 3rd period - Rhett Gardner is hit by Trent Frederic and loses puck.
17:54 of 3rd period - Wrist shot by Joe Labate.
17:54 of 3rd period - Shot Blocked by Michael Rasmussen.
17:56 of 3rd period - Backhand shot by Jake Walman.
17:56 of 3rd period - Shot Blocked by Anthony Richard.
17:58 of 3rd period - Slapshot by Slater Koekkoek.
17:58 of 3rd period - Stopped by Emil Larmi without a rebound.
17:59 of 3rd period - Joe Labate wins face-off versus Anthony Richard in Thunderbirds zone.
18:06 of 3rd period - Wrist shot by Austin Watson.
18:06 of 3rd period - Stopped by Emil Larmi with a rebound.
18:16 of 3rd period - Snap shot by Anthony Richard.
18:16 of 3rd period - Stopped by Ivan Fedotov without a rebound.
18:17 of 3rd period - Garret Pilon wins face-off versus Trent Frederic in Islander zone.
18:24 of 3rd period - Backhand shot by Oliver Kylington.
18:24 of 3rd period - Stopped by Emil Larmi with a rebound.
18:30 of 3rd period - Oliver Kylington is hit by Emil Bemstrom and loses puck.
18:43 of 3rd period - Matt Roy is hit by Joe Labate and loses puck.
19:04 of 3rd period - Islander, Ivan Fedotov is pulled from the net.
19:04 of 3rd period - Snap shot by Ben Thomson.
19:04 of 3rd period - Shot Blocked by Matt Roy.
19:06 of 3rd period - Snap shot by Ben Thomson.
19:06 of 3rd period - Shot Misses the Net.
19:08 of 3rd period - Snap shot by Joe Labate.
19:08 of 3rd period - Stopped by Emil Larmi without a rebound.
19:09 of 3rd period - André Tourigny call a timeout for Islander.
19:09 of 3rd period - Joe Labate wins face-off versus Trent Frederic in Thunderbirds zone.
19:30 of 3rd period - Wrist shot by Ben Thomson.
19:30 of 3rd period - Stopped by Emil Larmi with a rebound.
19:34 of 3rd period - Wrist shot by Joe Labate.
19:34 of 3rd period - Stopped by Emil Larmi without a rebound.
19:35 of 3rd period - Joe Labate wins face-off versus Trent Frederic in Thunderbirds zone.
19:38 of 3rd period - Slapshot by Joe Labate.
19:38 of 3rd period - Deflect By Ben Thomson.
19:38 of 3rd period - Stopped by Emil Larmi with a rebound.
19:40 of 3rd period - Snap shot by Joe Labate.
19:40 of 3rd period - Stopped by Emil Larmi with a rebound.
Goals for this period are 1 for Islander vs 1 for Thunderbirds.
Shots for this period are 18 for Islander vs 14 for Thunderbirds.